Map: Desolator

Players

SohanSpecter - Winner!

  • Race: Zerg Zerg
  • League: Platinum
  • Spawn Location: 11:00

ElNinoPat - Winner!

  • Race: Zerg Zerg
  • Spawn Location: 12:00

KuKuBaD - Winner!

  • Race: Terran Terran
  • League: Gold
  • Spawn Location: 9:00

Natka

  • Race: Terran Terran
  • Spawn Location: 3:00

syso

  • Race: Protoss Protoss
  • Spawn Location: 5:00

WTFljewr

  • Race: Zerg Zerg
  • Spawn Location: 6:00

VOD

Have the link to the VOD?

Description

My build Order timing Attack

Time

  • Played on: Jan. 24, 2025, 5:09 p.m.
  • Length: 19:16
Show
View Real Time Build Order
Export as new Build Order

SohanSpecter Zerg - Winner!

Build Orders: Hatch First 

Get SALT Encoding   

  12  0:17  Overlord  
  12  0:23  Drone x2  
  14  0:39  Drone x2  
  16  0:53  Drone  
  17  0:59  Hatchery  
  16  1:08  Drone  
  17  1:13  Spawning Pool  
  17  1:14  Extractor  
  15  1:21  Drone  
  16  1:35  Drone x2  
  18  1:44  Drone  
  19  2:00  Drone  
  19  2:33  Zergling x6  
  18  2:51  Zergling x2  
  18  2:52  Zergling x6  
  22  2:59  Queen x2  
  22  3:04  Metabolic Boost  
  22  3:05  Drone x2  
  28  3:17  Overlord x2  
  28  3:39  Hatchery  
  28  3:48  Drone x3  
  28  3:49  Drone x2  
  32  3:59  Drone x2  
  34  4:13  Drone x3  
  37  4:26  Extractor  
  37  4:28  Drone x3  
  37  4:29  Drone x3  
  42  4:42  Drone x2  
  44  4:58  Drone  
  44  4:59  Drone x2, Queen  
  49  5:04  Lair  
  49  5:08  Drone  
  49  5:09  Overlord x3  
  49  5:21  Drone  
  49  5:22  Overlord x3  
  49  5:27  Queen  
  52  5:29  Baneling Nest  
  47  6:10  Drone x3  
  47  6:11  Drone x5  
  53  6:12  Drone, Queen x3  
  62  6:25  Drone x2  
  62  6:26  Drone  
  62  6:31  Extractor  
  64  6:35  Spore Crawler  
  64  6:38  Spore Crawler  
  64  6:39  Spore Crawler  
  61  6:41  Spore Crawler  
  61  6:42  Spore Crawler  
  61  6:43  Spore Crawler  
  58  7:02  Drone, Centrifugal Hooks  
  58  7:03  Drone x15  
  74  7:11  Zergling x4  
  76  7:27  Queen  
  76  7:28  Queen x2  
  76  7:29  Extractor  
  81  7:33  Evolution Chamber x2  
  81  7:34  Evolution Chamber  
  78  7:37  Overlord x3  
  78  7:38  Overlord  
  78  8:01  Zerg Ground Armor Level 1, Hydralisk Den, Zerg Missile Weapons Level 1  
  78  8:03  Zerg Melee Weapons Level 1  
  77  8:06  Infestation Pit  
  76  8:17  Zergling x10  
  76  8:18  Zergling x30  
  96  8:23  Baneling x8  
  96  8:37  Zergling x16  
  104  8:44  Muscular Augments  
  104  8:53  Drone  
  105  8:58  Zergling x22  
  116  9:12  Hydralisk x3  
  116  9:14  Overlord x3  
  122  9:42  Spore Crawler  
  121  9:48  Burrow, Grooved Spines  
  121  10:12  Zergling x12  
  121  10:13  Overlord x7  
  127  10:15  Baneling  
  127  10:16  Baneling x26  
  112  10:32  Hydralisk x4  
  120  10:57  Hydralisk x2  
  120  10:58  Hydralisk x4  
  96  11:14  Hydralisk  
  96  11:15  Hydralisk x2  
  95  11:26  Extractor  
  94  11:38  Drone  
  94  11:39  Drone x13  
  105  11:54  Drone  
  105  11:55  Drone x7  
  113  12:32  Zerg Ground Armor Level 2, Zerg Missile Weapons Level 2  
  113  12:33  Zerg Melee Weapons Level 2  
  113  12:39  Spire x2  
  113  12:40  Drone  
  113  12:41  Drone x10  
  122  12:46  Extractor  
  122  12:49  Hatchery  
  120  13:26  Overlord x3  
  120  13:27  Overlord x3  
  120  13:31  Extractor  
  119  13:36  Extractor  
  118  13:47  Hydralisk x3  
  118  13:48  Hydralisk x6  
  136  13:56  Mutalisk  
  136  13:57  Mutalisk x2  
  136  14:11  Zergling x10  
  141  14:22  Mutalisk x6  
  147  14:29  Mutalisk  
  150  14:31  Drone  
  150  14:32  Drone x6  
  156  14:47  Mutalisk  
  156  14:48  Mutalisk x2  
  162  15:10  Zerg Flyer Weapons Level 1, Zerg Flyer Armor Level 1  
  162  15:20  Overlord x2  
  162  15:21  Overlord x3  
  153  16:01  Mutalisk x2  
  153  16:02  Mutalisk x6  
  165  16:36  Zergling x24  
  165  16:37  Zergling x12  
  183  16:53  Corruptor  
  183  16:54  Corruptor x4  
  185  17:32  Mutalisk  
  185  17:33  Mutalisk x6  
  199  17:44  Baneling x5  
  199  17:45  Baneling x2  
  199  17:58  Overlord x6  
  199  18:03  Overseer x3  
  199  18:04  Overseer  
  195  18:18  Pneumatized Carapace  
  195  18:19  Corruptor x2  
  193  19:12  Extractor  
Show
View Real Time Build Order
Export as new Build Order

ElNinoPat Zerg - Winner!

Build Orders: Hatch First, Lurkers 

Get SALT Encoding   

  12  0:02  Drone  
  13  0:12  Overlord  
  13  0:21  Drone  
  14  0:33  Drone x2  
  16  0:50  Drone  
  16  0:52  Hatchery  
  16  0:54  Drone  
  18  1:04  Drone  
  18  1:12  Spawning Pool  
  18  1:16  Drone  
  18  1:19  Extractor  
  18  1:20  Drone  
  18  1:28  Drone  
  19  1:59  Zergling x2  
  19  2:00  Zergling x2  
  21  2:03  Queen, Zergling x2  
  21  2:06  Zergling x2  
  25  2:23  Drone  
  25  2:26  Queen  
  28  2:34  Overlord  
  28  2:35  Overlord  
  26  2:48  Metabolic Boost  
  26  2:56  Zergling x2  
  26  2:57  Zergling x2  
  27  3:18  Zergling x14  
  27  3:19  Zergling x2  
  35  3:27  Drone  
  35  3:29  Drone  
  37  3:56  Drone x2  
  37  3:57  Drone x2  
  37  3:58  Drone x2  
  37  3:59  Overlord x2  
  43  4:04  Roach Warren  
  42  4:16  Drone  
  43  4:17  Overlord, Extractor  
  43  4:18  Overlord  
  43  4:23  Lair  
  42  4:25  Drone  
  42  4:27  Drone  
  42  4:30  Drone  
  45  4:45  Drone x5  
  50  5:09  Hatchery  
  50  5:12  Overlord  
  49  5:28  Baneling Nest  
  48  5:29  Drone x8  
  56  5:52  Glial Reconstitution  
  56  5:55  Extractor  
  55  5:59  Spine Crawler  
  55  6:00  Extractor  
  54  6:07  Spore Crawler  
  54  6:10  Spine Crawler  
  52  6:14  Centrifugal Hooks, Zergling x2  
  52  6:15  Zergling x20  
  52  6:18  Baneling x5  
  63  6:19  Baneling x7  
  63  6:32  Drone x2, Queen  
  65  6:39  Spore Crawler  
  66  6:44  Drone x3, Hydralisk Den  
  66  6:45  Drone x3  
  71  6:58  Drone x2  
  73  7:03  Drone, Overlord x2  
  74  7:24  Muscular Augments  
  74  7:35  Lurker Den  
  73  7:42  Infestation Pit  
  72  7:55  Hydralisk x5  
  72  7:56  Hydralisk  
  72  7:57  Zergling x2  
  85  8:05  Queen  
  85  8:09  Drone  
  85  8:10  Drone x13  
  101  8:20  Baneling  
  101  8:21  Baneling x7  
  101  8:22  Baneling x2  
  101  8:23  Baneling, Hatchery  
  100  8:27  Grooved Spines  
  100  8:34  Hydralisk  
  100  8:35  Hydralisk x2  
  100  8:36  Overlord x2  
  100  8:37  Overlord  
  106  8:51  Extractor  
  105  9:02  Drone x3  
  108  9:10  Hydralisk x7  
  108  9:12  Overlord x2  
  108  9:15  Extractor  
  121  9:17  Drone  
  121  9:18  Overlord  
  121  9:21  Hydralisk x3  
  128  9:32  Hydralisk x2  
  128  9:50  Hive  
  128  10:07  Drone x2, Queen  
  128  10:08  Drone  
  128  10:13  Overlord x2  
  133  10:14  Drone x2  
  133  10:15  Drone x13  
  148  10:21  Evolution Chamber  
  148  10:24  Evolution Chamber  
  148  10:26  Evolution Chamber  
  145  10:30  Extractor  
  145  10:32  Extractor  
  143  10:46  Hydralisk x6  
  143  10:47  Hydralisk x5  
  143  10:48  Overlord x3  
  164  11:08  Hydralisk  
  164  11:09  Hydralisk x8  
  164  11:10  Hydralisk x5  
  162  11:38  Hydralisk x4  
  162  11:39  Hydralisk x8  
  171  11:45  Overlord  
  175  11:48  Drone x2  
  175  11:50  Overseer x2  
  167  11:55  Zerg Missile Weapons Level 1  
  129  12:18  Drone  
  129  12:21  Drone x2  
  129  12:22  Drone x2  
  134  12:28  Zerg Ground Armor Level 1  
  134  12:37  Lurker x4  
  134  12:38  Lurker x2  
  140  12:46  Seismic Spines  
  140  13:05  Hatchery  
  136  13:21  Hatchery  
  136  13:24  Lurker x5  
  136  13:25  Lurker x3  
  136  13:26  Hatchery  
  98  14:21  Drone  
  98  14:22  Burrow  
  98  14:23  Extractor  
  98  14:25  Extractor  
  97  14:50  Drone x2  
  99  14:53  Drone x3  
  99  14:54  Drone x3  
  102  15:04  Drone x5  
  102  15:05  Drone x6  
  113  15:11  Overseer  
  113  15:12  Drone x2  
  115  15:15  Extractor x2  
  107  15:38  Spire  
  107  15:41  Spire  
  105  15:48  Extractor  
  104  15:50  Extractor  
  103  16:18  Spore Crawler  
  103  16:22  Overlord  
  103  16:24  Spine Crawler  
  101  16:26  Drone x2  
  103  16:38  Overseer  
  103  16:47  Overseer  
  103  16:53  Greater Spire  
  103  16:55  Zerg Flyer Weapons Level 1  
  103  17:15  Spine Crawler, Corruptor x7  
  104  17:16  Corruptor x8  
  104  17:17  Corruptor x6  
  104  17:18  Corruptor  
  146  17:32  Spire  
  145  17:39  Pneumatized Carapace  
  145  17:46  Overlord  
  145  18:16  Brood Lord x3  
  145  18:17  Brood Lord x9  
  145  18:18  Brood Lord x9  
  145  18:19  Brood Lord  
Show
View Real Time Build Order
Export as new Build Order

KuKuBaD Terran - Winner!

Build Orders: Reaper Expand 

Get SALT Encoding   

  12  0:01  SCV  
  13  0:13  SCV  
  14  0:17  Supply Depot  
  14  0:26  SCV  
  15  0:38  SCV  
  15  0:40  Barracks  
  16  0:51  SCV  
  16  0:52  Refinery  
  17  1:03  SCV  
  18  1:15  SCV  
  19  1:39  Orbital Command  
  19  1:40  Reaper  
  19  1:46  Command Center  
  20  2:12  SCV  
  21  2:17  Factory  
  21  2:43  Refinery  
  20  3:04  Factory Reactor  
  20  3:05  Barracks Tech Lab  
  20  3:12  Command Center  
  20  3:15  Orbital Command  
  20  3:16  SCV  
  21  3:29  SCV  
  22  3:49  SCV x2  
  22  3:51  Hellion  
  22  3:52  Hellion  
  22  3:54  Stimpack  
  28  3:59  Barracks  
  28  4:03  Barracks  
  28  4:05  Engineering Bay  
  28  4:20  SCV x2  
  28  4:22  Hellion  
  28  4:23  Hellion  
  34  4:27  Marine  
  35  4:31  Engineering Bay  
  35  4:32  SCV  
  35  4:33  Terran Infantry Weapons Level 1  
  35  4:36  Orbital Command  
  35  4:38  SCV  
  37  4:44  SCV  
  38  4:50  Hellion, SCV  
  38  4:51  Hellion  
  43  4:54  Barracks Tech Lab  
  43  5:03  Barracks Reactor  
  43  5:06  Starport  
  43  5:07  Supply Depot  
  43  5:11  Supply Depot  
  43  5:14  Hellion  
  45  5:22  Marine  
  45  5:24  Marauder  
  48  5:39  Hellion  
  48  5:40  Hellion, Marine  
  48  5:41  Marauder, Marine  
  56  5:45  Marine  
  56  5:48  SCV x3  
  60  6:09  Marine x2  
  60  6:10  Marine x2  
  64  6:14  Armory  
  64  6:15  Terran Infantry Armor Level 1  
  64  6:22  Barracks  
  64  6:24  Barracks  
  64  6:27  Marine  
  64  6:28  Marauder x2  
  64  6:31  Supply Depot  
  64  6:32  Supply Depot  
  67  6:33  Supply Depot  
  67  6:38  Missile Turret  
  67  6:39  Missile Turret  
  66  6:47  Widow Mine x2  
  68  6:56  SCV x3  
  71  7:08  SCV x3  
  73  7:09  Starport Reactor  
  73  7:15  Terran Vehicle Weapons Level 1  
  74  7:20  SCV x2  
  80  7:24  Widow Mine x2  
  80  7:29  Barracks Tech Lab, Barracks Reactor  
  80  7:30  Marine x2  
  80  7:31  Marine x2  
  80  7:32  Factory  
  80  7:34  SCV  
  85  7:48  Marine x2, Orbital Command  
  87  8:03  Marine x3  
  90  8:06  Marine x2  
  90  8:07  Concussive Shells  
  90  8:09  Combat Shield  
  86  8:21  Marine x2  
  86  8:22  Marauder  
  90  8:33  Factory Tech Lab  
  90  8:46  Factory Tech Lab  
  90  8:54  Medivac  
  92  8:56  Marine  
  93  9:17  Marine, Missile Turret x2  
  93  9:18  Marine x2  
  93  9:19  Marine x2  
  93  9:20  Marine  
  93  9:21  Marine  
  93  9:22  Medivac  
  85  9:35  Marine x2  
  85  9:37  Marine  
  85  9:38  Marine  
  89  9:45  Marine x3  
  92  9:53  Marine  
  93  10:07  Marine x3  
  93  10:08  Marauder x2, SCV  
  93  10:11  Supply Depot  
  101  10:18  SCV  
  101  10:20  SCV x2  
  101  10:23  Marauder, Medivac  
  86  10:29  Marauder x2, Marine x4  
  86  10:30  SCV  
  86  10:32  SCV  
  96  10:44  Marauder, SCV  
  96  10:47  Marine x4  
  92  10:51  Marauder x2  
  96  11:06  Marauder  
  98  11:12  Marauder x2  
  98  11:14  Medivac  
  103  11:27  Marauder  
  103  11:32  Marine x4  
  102  11:33  Marine x2  
  102  11:38  SCV x2  
  102  11:39  SCV  
  105  11:48  Marine  
  105  11:49  Marine  
  105  11:50  Marine x2  
  105  11:53  Refinery  
  109  11:55  Supply Depot  
  109  11:56  Marine, SCV  
  109  12:00  Refinery  
  109  12:02  Marine  
  109  12:16  Marine x5, SCV x3  
  117  12:22  Refinery  
  117  12:24  Refinery  
  117  12:45  Command Center  
  117  12:56  Ghost Academy  
  117  12:59  Ghost Academy  
  117  13:38  Supply Depot  
  117  13:40  Supply Depot  
  117  13:41  Supply Depot  
  117  13:47  Marine  
  117  13:49  SCV  
  117  13:50  Marine x3, SCV  
  117  13:53  Medivac  
  116  13:57  Marauder x2, Medivac, Siege Tank x2  
  116  14:01  SCV  
  116  14:02  SCV  
  130  14:08  Marine  
  130  14:13  Orbital Command, SCV  
  130  14:14  SCV  
  125  14:18  Marauder  
  125  14:23  Medivac  
  113  14:25  SCV  
  113  14:26  SCV  
  113  14:27  Medivac  
  115  14:37  SCV  
  115  14:38  SCV  
  117  14:48  Terran Vehicle Weapons Level 2  
  117  14:55  Planetary Fortress  
  117  14:57  SCV  
  117  14:58  SCV x2  
  120  15:01  Ghost  
  120  15:06  Nuke  
  123  15:09  SCV  
  123  15:10  SCV  
  125  15:20  SCV  
  126  15:22  SCV x2  
  128  15:29  Ghost  
  128  15:32  SCV x2  
  128  15:34  SCV x2  
  135  15:42  Barracks  
  135  15:44  SCV x2  
  135  15:45  Barracks  
  135  15:46  Barracks, SCV x2  
  135  15:47  Barracks  
  135  15:48  Barracks  
  139  15:51  Factory  
  139  15:58  Ghost  
  134  16:26  Ghost  
  137  16:36  Command Center  
  137  16:39  Barracks Tech Lab x5  
  137  16:42  Command Center  
  137  16:47  Factory Tech Lab  
  137  16:52  Barracks Tech Lab  
  137  16:55  Ghost  
  137  17:23  Ghost  
  137  17:24  Marine x6  
  137  17:25  Marauder  
  148  17:35  Supply Depot  
  148  17:36  Supply Depot  
  148  17:37  Supply Depot  
  148  17:43  Marauder  
  140  17:52  Ghost  
  136  18:34  Marine  
  136  18:35  Marine x6  
  136  18:36  Marine x3  
  136  18:37  Marauder  
  136  18:38  Siege Tank x2  
  136  18:39  Siege Tank  
  157  18:45  Medivac x2  
  161  18:53  Marauder, SCV x3  
  161  18:54  Marauder x5, SCV  
Show
View Real Time Build Order
Export as new Build Order

Natka Terran 

Build Orders: Mech 

Get SALT Encoding   

  12  0:01  SCV  
  13  0:18  SCV  
  14  0:22  Supply Depot  
  14  0:30  SCV  
  15  0:47  Barracks  
  15  0:48  SCV  
  16  0:52  Refinery  
  16  1:00  SCV  
  17  1:05  Barracks  
  17  1:12  SCV  
  18  1:20  Supply Depot  
  18  1:24  SCV  
  19  1:36  SCV  
  20  1:43  Barracks Tech Lab  
  20  1:48  SCV  
  20  1:51  Barracks  
  21  2:00  SCV  
  21  2:01  Refinery, Barracks Reactor  
  22  2:10  Marine  
  22  2:13  SCV  
  24  2:25  Supply Depot  
  24  2:30  Stimpack  
  24  2:36  Marine  
  25  2:42  Marine x3  
  28  2:50  Orbital Command  
  28  3:00  Marine  
  28  3:01  Factory  
  28  3:05  Marine x3  
  32  3:20  Supply Depot, SCV  
  32  3:24  Barracks Reactor  
  33  3:36  SCV  
  34  3:49  Factory Tech Lab  
  34  3:50  Starport  
  34  3:52  Marine x3, SCV  
  38  4:03  Marine x2  
  38  4:04  SCV  
  41  4:17  Command Center  
  41  4:35  Marine x4  
  41  4:36  Marine  
  46  4:48  Supply Depot  
  46  4:53  Marine  
  46  4:59  Marine  
  47  5:09  Medivac  
  47  5:10  Siege Tank  
  52  5:56  Marine  
  53  5:57  Siege Tank  
  53  5:58  Marine x4  
  60  6:08  Starport Reactor  
  60  6:14  Marine  
  60  6:16  Marine x4  
  65  6:19  Orbital Command  
  65  6:30  Siege Tank  
  65  6:31  Marine  
  69  6:33  Refinery, Marine  
  69  6:35  Refinery, Supply Depot  
  69  6:37  Supply Depot  
  70  6:53  Supply Depot  
  70  6:56  Marine x5, SCV x2  
  70  7:00  Medivac x2  
  81  7:05  Factory  
  81  7:08  Engineering Bay  
  81  7:09  SCV  
  81  7:14  Marine x4  
  81  7:15  Marine  
  87  7:21  SCV x2  
  89  7:30  Medivac x2  
  89  7:32  Marine  
  94  7:51  Factory  
  94  8:47  Factory Tech Lab x2  
  94  8:54  Supply Depot  
  94  9:15  Marine  
  94  9:16  Sensor Tower, Medivac x2, Supply Depot, Siege Tank  
  102  9:17  Missile Turret  
  102  9:30  Supply Depot  
  102  9:38  Marine x5, SCV x2  
  109  9:50  SCV  
  109  9:51  Medivac, Siege Tank x2  
  118  9:53  Supply Depot  
  118  9:55  Supply Depot  
  118  10:14  Marine x5, SCV  
  118  10:15  Supply Depot  
  118  10:17  Siege Tank  
  123  10:23  Siege Tank x2  
  70  10:32  Marine x5  
  63  10:38  Supply Depot  
  63  10:49  Siege Tank  
  63  10:50  Marine x5  
  63  10:56  Siege Tank x2  
  74  11:07  Marine x5  
  61  11:25  Marine x5  
  46  11:43  Marine x5  
  47  11:49  Siege Tank x3  
  41  12:01  Marine x5  
  45  12:19  Marine x5  
  45  12:21  Siege Tank x3  
  59  12:36  Marine  
  60  12:53  Siege Tank x3  
  69  13:25  Siege Tank x3  
  41  16:41  Medivac  
Show
View Real Time Build Order
Export as new Build Order

syso Protoss 

Build Orders:  

Get SALT Encoding   

  12  0:03  Probe  
  13  0:15  Probe  
  14  0:23  Pylon  
  14  0:27  Probe  
  15  0:41  Probe  
  16  0:46  Forge  
  16  0:54  Probe  
  16  0:55  Assimilator  
  17  0:59  Pylon  
  17  1:22  Gateway  
  17  1:35  Probe  
  18  1:46  Pylon  
  18  1:47  Probe  
  19  1:54  Pylon  
  19  2:02  Pylon  
  19  2:13  Photon Cannon  
  18  2:21  Photon Cannon  
  17  2:39  Cybernetics Core  
  17  2:43  Pylon  
  17  2:54  Gateway  
  17  2:55  Warp Gate, Gateway  
  17  2:58  Gateway  
  17  3:04  Pylon  
  17  3:36  Gateway  
  17  3:44  Assimilator  
  17  4:06  Nexus  
  17  4:13  Pylon  
  17  4:23  Pylon  
  17  4:44  Adept  
  17  4:45  Adept  
  21  4:56  Adept  
  23  5:08  Adept  
  17  6:33  Nexus  
  17  6:35  Pylon  
  17  6:39  Assimilator  
  17  6:43  Assimilator  
  17  6:52  Twilight Council  
  17  7:00  Forge, Pylon  
  17  7:07  Probe  
  17  7:08  Protoss Ground Weapons Level 1  
  18  7:19  Probe  
  19  7:23  Protoss Ground Armor Level 1  
  19  7:42  Probe  
  19  7:44  Probe  
  19  7:45  Charge  
  19  7:50  Probe  
  21  8:16  Gateway  
  21  8:23  Gateway  
  21  8:28  Pylon  
  21  8:42  Probe x2  
  23  8:54  Probe  
  23  8:55  Probe  
  25  9:07  Probe  
  25  9:09  Probe  
  27  9:10  Templar Archives  
  27  9:19  Probe  
  27  9:21  Probe  
  29  9:26  Zealot x3  
  29  9:27  Probe  
  29  9:31  Probe  
  36  9:35  Probe  
  37  9:39  Probe  
  39  9:50  High Templar x4  
  39  9:51  High Templar  
  49  9:53  Psionic Storm  
  49  9:55  Archon x2  
  49  9:57  High Templar  
  49  9:58  High Templar  
  53  10:09  Archon  
  53  10:30  High Templar x2  
  53  10:31  High Templar x3  
  63  10:41  Archon x2  
  63  10:43  Archon  
  63  10:58  Zealot x2  
  28  11:32  Zealot x5  
  34  11:33  Zealot  
  18  11:56  High Templar x3  
  18  11:57  High Templar x2  
  28  12:30  Zealot x4  
  28  12:31  Zealot  
  38  13:01  Zealot  
  36  14:40  High Templar x5  
  46  14:58  Nexus  
  46  15:02  Assimilator  
  46  15:07  Assimilator  
  46  15:10  Pylon  
  46  15:13  Pylon  
  44  16:06  Zealot x5  
  54  16:11  Gateway  
  54  16:13  Pylon, Gateway  
  54  16:34  Stalker x3  
  54  16:35  Stalker x2  
  57  17:37  Probe  
  58  17:49  Probe  
  58  17:50  Archon x3  
  58  17:51  Archon  
  59  17:53  Stalker x2  
Show
View Real Time Build Order
Export as new Build Order

WTFljewr Zerg 

Build Orders: Pool First, Lurkers 

Get SALT Encoding   

  12  0:01  Drone  
  13  0:10  Drone  
  14  0:30  Spawning Pool  
  14  0:33  Drone  
  14  0:38  Drone, Extractor  
  14  0:47  Overlord  
  14  1:24  Zergling x6  
  14  1:25  Queen  
  19  1:38  Zergling x2  
  20  1:41  Metabolic Boost  
  20  1:50  Zergling x2  
  21  2:18  Zergling x2  
  21  2:19  Overlord  
  22  2:29  Hatchery  
  18  2:49  Zergling x2  
  19  2:51  Lair  
  16  3:27  Drone  
  16  3:29  Hatchery  
  16  3:31  Extractor  
  16  3:32  Zergling x4  
  16  3:35  Drone, Hatchery  
  16  3:37  Drone  
  17  3:48  Drone  
  18  4:08  Spire  
  17  4:17  Drone x2  
  19  4:24  Drone  
  19  4:29  Drone  
  21  5:19  Mutalisk x3  
  21  5:20  Mutalisk  
  29  5:30  Drone x3  
  29  5:32  Drone  
  33  5:55  Overlord  
  33  6:11  Drone  
  33  6:13  Queen  
  36  6:20  Drone x3  
  37  6:51  Mutalisk  
  37  6:52  Mutalisk x2, Overlord  
  41  7:02  Drone  
  41  7:03  Overlord  
  42  7:09  Spore Crawler  
  42  7:10  Queen  
  42  7:11  Drone x2  
  42  7:13  Drone x2, Spore Crawler  
  42  7:15  Drone  
  47  7:24  Mutalisk  
  47  7:28  Drone x2  
  51  7:31  Extractor  
  51  7:34  Drone  
  51  7:37  Drone  
  51  7:40  Drone, Mutalisk  
  55  7:55  Mutalisk  
  57  7:58  Overlord  
  57  8:05  Extractor  
  56  8:11  Overlord  
  56  8:23  Mutalisk x3  
  62  8:27  Drone x4  
  62  8:30  Drone x2  
  62  8:31  Drone x3  
  62  8:33  Drone  
  62  8:34  Overlord, Extractor  
  71  8:35  Extractor  
  71  8:41  Spine Crawler  
  69  8:44  Drone  
  70  8:56  Zerg Flyer Weapons Level 1  
  70  8:57  Drone x3  
  70  8:59  Drone x2  
  70  9:02  Drone x3  
  72  9:45  Mutalisk x3  
  66  9:46  Mutalisk  
  68  10:04  Drone x4  
  68  10:06  Drone x3  
  75  10:10  Overlord  
  75  10:18  Corruptor, Infestation Pit, Mutalisk x2  
  75  10:19  Mutalisk  
  82  10:36  Roach Warren  
  82  10:37  Overlord x2  
  82  10:38  Drone  
  82  10:39  Drone x2  
  84  10:43  Mutalisk x2  
  84  10:44  Mutalisk  
  90  11:00  Overlord x2  
  90  11:08  Evolution Chamber  
  90  11:11  Evolution Chamber  
  74  11:17  Roach  
  74  11:18  Roach x7  
  82  11:19  Roach x7  
  82  11:20  Roach x7  
  82  11:21  Roach x3  
  116  11:27  Glial Reconstitution  
  114  11:37  Zerg Ground Armor Level 1, Zerg Missile Weapons Level 1  
  114  11:38  Mutalisk x2  
  98  12:06  Roach x4  
  98  12:07  Roach x7  
  98  12:08  Roach x2  
  100  12:10  Mutalisk x3  
  96  12:20  Drone  
  96  12:21  Roach x2  
  96  12:22  Roach x2  
  105  12:27  Overlord  
  105  12:41  Nydus Network  
  104  12:48  Hydralisk Den  
  103  13:15  Roach  
  103  13:16  Overlord x2  
  105  13:22  Nydus Canal  
  105  13:27  Overlord x2  
  105  13:28  Grooved Spines  
  105  13:32  Lurker Den  
  104  13:38  Hydralisk x6  
  116  13:49  Hydralisk  
  116  13:50  Hydralisk x3  
  124  13:58  Hydralisk x2  
  124  14:01  Zerg Melee Weapons Level 1  
  128  14:12  Hydralisk  
  128  14:13  Hydralisk  
  126  14:17  Overlord x2  
  126  14:19  Muscular Augments  
  114  14:30  Lurker x4  
  114  14:31  Lurker x4  
  107  14:34  Overseer  
  108  14:46  Zergling x2  
  108  14:47  Zergling x2  
  110  15:33  Lurker x2  
  110  15:34  Lurker x3  
  115  15:36  Hydralisk x5  
  115  15:37  Overlord  
  125  15:53  Overseer  
  123  16:21  Hydralisk x6  
  123  16:22  Overlord  
  123  16:24  Zerg Melee Weapons Level 2  
  123  16:25  Zerg Ground Armor Level 2  
  135  16:27  Overlord x2  
  135  16:30  Lurker  
  136  16:34  Overseer  
  136  16:39  Zergling x4, Overlord  
  138  16:40  Overlord  
  138  17:03  Hydralisk x3  
  138  17:04  Zergling x2  
  143  17:18  Nydus Canal  
  143  17:20  Hydralisk x3  
  143  17:21  Hydralisk, Overlord  
  149  17:28  Hydralisk x5  
  159  17:41  Hydralisk  
  159  17:42  Hydralisk x5  
  165  17:59  Hydralisk  
  165  18:00  Hydralisk  
  169  18:10  Overseer  
Tags
 
Add a new tag
Caveats
  • Supply blocks, unpowered buildings, or Contaminate may cause inaccurate times.
  • Supply counts are checked every 10 seconds.